[Event "Team 45 45 League T70"]
[Site "Internet Chess Club"]
[Date "2016.09.08"]
[Round "1"]
[White "zap2"]
[Black "az2112"]
[Result "1/2-1/2"]
[WhiteElo "1738"]
[BlackElo "1635"]
[Opening "Sicilian: Keres variation (2.Ne2)"]
[ECO "B20"]
[Time "09:03:02"]
[TimeControl "2700+45"]

1. e4 c5 2. Ne2 d6 3. g3 Nf6 4. Bg2 g6 5. c3 Bg7 6. d4 O-O 7. O-O Nbd7 8. h3 Rb8
9. Be3 b6 10. Qd2 Re8 11. Bh6 Bh8 12. Na3 cxd4 13. cxd4 Bb7 14. f3 a6 15. Rac1
Rc8 16. Rxc8 Qxc8 17. Rc1 Qa8 18. Rc7 Rc8 19. Qc2 Rxc7 20. Qxc7 Qc8 21. Qxc8+
Bxc8 22. Nc4 Ne8 23. Kf2 b5 24. Na5 Nb8 25. Ke3 e5 26. d5 f5 27. Nc3 Bf6 28. h4
Bd8 29. Nc6 Nxc6 30. dxc6 Nc7 31. Nd5 Be6 32. Nxc7 Bxc7 33. b3 d5 34. Bf1 Kf7
35. a4 dxe4 36. fxe4 Bxb3 37. axb5 axb5 38. Bxb5 Ke7 39. Kd3 Kd8 40. Kc3 Be6 41.
Kb4 Bb6 42. Bg7 Bd4 43. Bd3 Kc7 44. Kb5 Kd6 45. h5 Be3 46. Ka6 Kxc6 47. Bxe5
Bc8+ 48. Ka5 Kc5 49. Ka4 fxe4 50. Bxe4 gxh5 51. Bxh7 Bg4 52. Bf6 Kc4 53. Bg6 Bf2
54. Bh4 Kd4 55. Kb4 Ke3 56. Bf7 Be1+ 57. Kb3 Kf2 58. Bd5 Kg1 59. Kc2 Kh2 60. Kd3
Bxg3 61. Be7 Kg1 62. Ke3 h4 63. Bxh4 {Game drawn by mutual agreement} 1/2-1/2

[Event "Team 45 45 League T70"]
[Site "Internet Chess Club"]
[Date "2016.09.10"]
[Round "1"]
[White "Yedixon"]
[Black "fledermaus"]
[Result "1/2-1/2"]
[WhiteElo "1755"]
[BlackElo "1853"]
[Opening "Sicilian: Grand Prix attack"]
[ECO "B21"]
[Time "15:12:47"]
[TimeControl "2700+45"]

1. e4 c5 2. f4 e6 3. Nf3 d5 4. e5 Nh6 5. Nc3 Nf5 6. Bd3 Nc6 7. Bxf5 exf5 8. d4
cxd4 9. Nxd4 Nxd4 10. Qxd4 Be6 11. Be3 Qa5 12. O-O-O Be7 13. Rd3 Bd8 14. Rhd1
Bb6 15. Qa4+ Qxa4 16. Nxa4 Bxe3+ 17. Rxe3 O-O-O 18. Red3 Rd7 19. Nc3 Rhd8 20.
Nb5 Kb8 21. Nd6 a6 22. b4 b6 23. a3 Rc7 24. Kb2 g6 25. c3 f6 26. Rd4 fxe5 27.
fxe5 Rg8 28. g3 Rf8 29. a4 Ka7 30. b5 a5 31. Kb3 Re7 32. Re1 Rd8 33. Kb2 Ra8 34.
Kc2 Rf8 35. Kd3 Kb8 36. h4 Rg8 37. Ke3 Reg7 38. Kf4 g5+ 39. hxg5 Rxg5 40. Rg1 h5
41. Kf3 Rg4 42. Rf4 h4 43. Nxf5 Bxf5 44. Rxf5 hxg3 45. e6 Re4 46. Rxd5 Rxe6 47.
Rxg3 Rxg3+ 48. Kxg3 Re3+ 49. Kf4 {Game drawn by mutual agreement} 1/2-1/2

[Event "Team 45 45 League T70"]
[Site "Internet Chess Club"]
[Date "2016.09.12"]
[Round "1"]
[White "LookImYourVader"]
[Black "roji"]
[Result "1/2-1/2"]
[WhiteElo "1760"]
[BlackElo "1851"]
[Opening "Caro-Kann: Panov-Botvinnik attack, 5...e6"]
[ECO "B14"]
[Time "18:02:37"]
[TimeControl "2700+45"]

1. e4 c6 2. d4 d5 3. exd5 cxd5 4. c4 Nf6 5. Nc3 e6 6. Nf3 Be7 7. cxd5 Nxd5 8.
Bc4 Nxc3 9. bxc3 O-O 10. Qe2 Nc6 11. O-O b6 12. Re1 Bb7 13. Bxe6 fxe6 14. Qxe6+
Kh8 15. d5 Rf6 16. Qe4 Bd6 17. dxc6 Bxc6 18. Qd4 Bxf3 19. Bg5 Bh5 20. Bxf6 gxf6
21. Qh4 Bg6 22. Rad1 Qf8 23. Rd5 Rc8 24. Re3 Be5 25. c4 Bf7 26. Rh3 Qg7 27. Rd7
Rg8 28. g3 Qg6 29. Rxa7 Qb1+ 30. Kg2 Bg6 31. Ra3 Be4+ 32. Rf3 Qd3 33. Qxh7+ Bxh7
34. Rxd3 Rg7 35. Rd8+ Rg8 36. Rd7 Rg7 37. Rd8+ {Game drawn by mutual agreement}
1/2-1/2

[Event "Team 45 45 League T70"]
[Site "Internet Chess Club"]
[Date "2016.09.09"]
[Round "1"]
[White "cayo89"]
[Black "OzymandiasVII"]
[Result "1/2-1/2"]
[WhiteElo "1737"]
[BlackElo "1667"]
[Opening "Sicilian"]
[ECO "B50"]
[Time "16:30:46"]
[TimeControl "2700+45"]

1. e4 c5 2. Nf3 d6 3. Bd3 e5 4. c3 Nc6 5. Bc2 Bg4 6. d3 Nge7 7. h3 Bd7 8. Nbd2
Ng6 9. Nf1 Be7 10. d4 cxd4 11. cxd4 Nb4 12. Bb3 O-O 13. Ng3 Bb5 14. Bc2 Rc8 15.
Bb1 Bh4 16. Ne2 Qf6 17. Be3 Nf4 18. Bxf4 exf4 19. Qd2 Bxe2 20. Kxe2 a5 21. a3
Nc6 22. Re1 Qh6 23. Kf1 Bd8 24. Ba2 Kh8 25. Rac1 Bb6 26. Red1 Ne7 27. Qd3 Qh5
28. Qd2 Ng6 29. Rxc8 Rxc8 30. Bxf7 Qb5+ 31. Kg1 Ne7 32. e5 dxe5 33. dxe5 g6 34.
Qxf4 Nf5 35. g4 Qe2 36. Rd2 Bxf2+ 37. Kg2 Ne3+ 38. Kh2 Nf1+ 39. Kh1 Ng3+ 40. Kh2
Nf1+ {Game drawn by mutual agreement} 1/2-1/2

[Event "Team 45 45 League T70"]
[Site "Internet Chess Club"]
[Date "2016.09.10"]
[Round "1"]
[White "modiglani"]
[Black "XNPchess"]
[Result "0-1"]
[WhiteElo "1803"]
[BlackElo "1968"]
[Opening "Réti opening"]
[ECO "A04"]
[Time "14:00:39"]
[TimeControl "2700+45"]

1. Nf3 d6 2. g3 Nf6 3. Bg2 e5 4. d3 Be7 5. O-O O-O 6. e4 c6 7. Nbd2 Nbd7 8. c3
Qc7 9. b4 a5 10. Bb2 d5 11. bxa5 Rxa5 12. Nb3 dxe4 13. dxe4 Ra4 14. Nbd2 Nc5 15.
c4 Bd6 16. Qc2 Be6 17. Ng5 Rfa8 18. Nxe6 Nxe6 19. Bc3 Bc5 20. Qb2 Bd4 21. Bxd4
Nxd4 22. Rfb1 R8a7 23. Kf1 Qa5 24. Nb3 Nxb3 25. Qxb3 Qc5 26. Rc1 Ng4 27. Rc2
Nxh2+ 28. Kg1 Ng4 29. Rd1 g6 30. Qf3 Rxa2 31. Rd8+ Kg7 32. Rd7 Ra1+ 33. Bf1
Rxf1+ {White resigns} 0-1

[Event "Team 45 45 League T70"]
[Site "Internet Chess Club"]
[Date "2016.09.11"]
[Round "1"]
[White "anna"]
[Black "THE-WARRIOR"]
[Result "1/2-1/2"]
[WhiteElo "1817"]
[BlackElo "1658"]
[Opening "French: advance, Milner-Barry gambit"]
[ECO "C02"]
[Time "13:05:05"]
[TimeControl "2700+45"]

1. e4 e6 2. d4 d5 3. e5 c5 4. c3 Nc6 5. Nf3 Qb6 6. Bd3 h6 7. O-O cxd4 8. cxd4
Bd7 9. Bc2 Nge7 10. Nc3 a6 11. a3 Na5 12. b4 Nc4 13. Bb3 Qc7 14. Bxc4 Qxc4 15.
Bb2 Qc7 16. Rc1 Qd8 17. Qb3 b5 18. Ne2 Ng6 19. Qd3 Rc8 20. Rxc8 Qxc8 21. Rc1 Qd8
22. Nd2 Be7 23. Nb3 O-O 24. Nc5 Bc8 25. Rc2 Bg5 26. Bc1 Be7 27. Be3 Qb6 28. Nc1
Qd8 29. Ne2 Nh4 30. Ng3 Qb6 {Game drawn by mutual agreement} 1/2-1/2

[Event "Team 45 45 League T70"]
[Site "Internet Chess Club"]
[Date "2016.09.10"]
[Round "1"]
[White "timothysmall56"]
[Black "vjbaker"]
[Result "1/2-1/2"]
[WhiteElo "1741"]
[BlackElo "1834"]
[Opening "Sicilian: accelerated fianchetto, exchange variation"]
[ECO "B34"]
[Time "20:14:21"]
[TimeControl "2700+45"]

1. e4 c5 2. Nf3 Nc6 3. d4 cxd4 4. Nxd4 g6 5. Nxc6 bxc6 6. Qd4 Nf6 7. e5 Nd5 8.
e6 f6 9. exd7+ Bxd7 10. Bc4 e5 11. Qd1 Be6 12. Bxd5 Bxd5 13. O-O Bc5 14. Nc3 O-O
15. Nxd5 cxd5 16. Qe2 Rb8 17. c3 Re8 18. Be3 Bxe3 19. fxe3 f5 20. Rad1 Qa5 21.
b4 Qc7 22. Qd3 Red8 23. Rc1 Rbc8 24. a4 Qc6 25. a5 a6 26. Rc2 Qc4 27. Rd1 Kf7
28. Qxc4 dxc4 29. Rxd8 Rxd8 30. Kf2 Ke6 31. Ke2 e4 32. Rd2 Rc8 33. Rd4 g5 34. g3
h5 35. h3 Ke5 36. Rd7 f4 37. Re7+ Kf6 38. Rxe4 fxg3 39. h4 gxh4 40. Rxh4 Kg5 41.
Rh1 Rf8 42. Rf1 Rd8 43. Rf4 g2 44. Kf2 Rd2+ 45. Kg1 h4 46. Rf2 Rd1+ 47. Kxg2 Rc1
48. b5 Rxc3 49. bxa6 Rxe3 50. a7 Re8 51. Rc2 Ra8 52. Rxc4 Rxa7 53. Ra4 Ra6 54.
Kh3 Ra8 55. a6 Ra7 56. Ra5+ Kf6 57. Kxh4 Ke6 58. Kg4 Kd6 59. Kf4 Kc6 60. Ke4 Kb6
61. Ra2 Rxa6 62. Rxa6+ Kxa6 {Game drawn because neither player has mating
material} 1/2-1/2

[Event "Team 45 45 League T70"]
[Site "Internet Chess Club"]
[Date "2016.09.11"]
[Round "1"]
[White "ausya"]
[Black "GrandUnified"]
[Result "1-0"]
[WhiteElo "1681"]
[BlackElo "1421"]
[Opening "Giuoco Pianissimo: Italian four knights variation"]
[ECO "C50"]
[Time "20:03:06"]
[TimeControl "2700+45"]

1. e4 e5 2. Nf3 Nc6 3. Bc4 Bc5 4. d3 Nf6 5. Nc3 h6 6. O-O d6 7. h3 O-O 8. Be3
Qe7 9. Re1 Bxe3 10. Rxe3 Nd4 11. Ne2 Nxf3+ 12. Rxf3 c6 13. Ng3 g6 14. Qd2 Kg7
15. Re1 b5 16. Bb3 a5 17. a3 Be6 18. Bxe6 Qxe6 19. d4 h5 20. Qg5 Nh7 21. Qd2 h4
22. Ne2 d5 23. Re3 dxe4 24. Rxe4 f6 25. dxe5 f5 26. Nd4 Qd5 27. R4e2 Rad8 28.
Rd1 Rfe8 29. f4 Nf8 30. Kh2 Nd7 31. Qxa5 Kf7 32. e6+ Rxe6 33. Rxe6 c5 34. Qxd8
{Black resigns} 1-0